 Dungeon Crawl Stone Soup version 0.31-a0-507-gbafd7f5274 (webtiles) character file.

Game seed: 8470477957200017746

74749 javelincjr the Fighter (level 14, -2/126 HPs)
             Began as a Demonspawn Fighter on Aug 9, 2023.
             Was the Champion of Jiyva.
             Slain by an eight-headed hydra (8 damage)
             ... on level 2 of the Swamp.
             The game lasted 01:04:36 (13392 turns).

javelincjr the Fighter (Demonspawn Fighter)        Turns: 13392, Time: 01:04:39

Health: -2/126     AC: 29    Str: 35    XL:     14   Next: 61%
Magic:  14/14      EV: 14    Int:  8    God:    Jiyva [******]
Gold:   1836       SH:  5    Dex: 15    Spells: 13/13 levels left

rFire   . . .        m - +8 flail "Becois" {flame, Will- Dex+4}
rCold   . . .        (no shield)
rNeg    . . .        g - +1 crystal plate armour
rPois   +            o - +1 hat
rElec   .            P - +0 cloak
rCorr   +            (gloves unavailable)
SInv    .            (no boots)
Will    +....        U - amulet of reflection Stlth
                     e - +6 ring of strength
HPRegen 2.01/turn    D - ring of poison resistance
MPRegen 0.64/turn

%: reflection
@: no status effects
A: claws 3, molten scales 1, icemail 2, robust 1, spiny 2, condensation shield,
horns 1, strong-willed 1, strong 2, eyeballs 1, gelatinous body 3, translucent
skin 3, sturdy frame 1
}: 1/15 runes: slimy
a: Renounce Religion, Oozemancy, Slimify


You were on level 2 of the Swamp.
You worshipped Jiyva.
Jiyva was exalted by your worship.
You visited 4 branches of the dungeon, and saw 21 of its levels.
You also visited: Bailey.

You collected 1836 gold pieces.

Inventory:

Hand Weapons
 m - the +8 flail "Becois" (weapon) {flame, Will- Dex+4}
   (You found it on level 5 of the Pits of Slime)

   Dex+4:     It affects your dexterity (+4).
   Will-:     It decreases your willpower.
 n - a +3 heavy demon trident
 r - a +4 spear
 A - a +1 sling of flaming
 G - a +2 glaive of draining
 L - the +12 war axe "Siduefridd" {heavy, rPois}
   (You found it on level 5 of the Pits of Slime)

   rPois:     It protects you from poison
Missiles
 i - 139 stones
 l - 4 throwing nets
 y - 16 poisoned darts
 B - 11 javelins
 F - 5 datura-tipped darts
Armour
 c - a +0 buckler
 g - a +1 crystal plate armour (worn)
 o - a +1 hat (worn)
 x - a +2 robe of willpower
 J - the +0 ring mail of Spite {Rampage Will- MP+9 Slay+3}
   (You found it on level 3 of the Lair of Beasts)

   Slay+3:    It affects your accuracy & damage with ranged weapons and melee
   (+3).
   Will-:     It decreases your willpower.
   MP+9:      It affects your magic capacity (+9).
   Rampage:   It bestows one free step when moving towards enemies.
 K - +0 steam dragon scales
 M - the +0 scale mail of Anaesthesia {rPois}
   (You found it on level 3 of the Lair of Beasts)

   rPois:     It protects you from poison
 P - a +0 cloak (worn)
 Q - a +1 plate armour of poison resistance
Jewellery
 b - the ring of Hodoax {Wiz Str+2}
   (You found it on level 5 of the Pits of Slime)

   [ring of wizardry]

   Wiz:       It improves your spell success rate.
   Str+2:     It affects your strength (+2).
 e - a +6 ring of strength (left claw)
 j - a ring of see invisible
 s - a +6 ring of dexterity
 t - a ring of willpower
 u - a ring of wizardry
 C - a ring of magical power
 D - a ring of poison resistance (right claw)
 R - a +5 ring of evasion
 U - an amulet of reflection (around neck)
Wands
 q - a wand of acid (10)
 w - a wand of charming (8)
 E - a wand of polymorph (21)
 I - a wand of flame (19)
 N - a wand of roots (9)
 Y - a wand of mindburst (2)
Scrolls
 f - a scroll of blinking
 h - 2 scrolls of torment
 k - a scroll of fear
 p - 2 scrolls of poison
 v - 3 scrolls of teleportation
 z - 3 scrolls of vulnerability
 H - 4 scrolls of revelation
 S - 2 scrolls of amnesia
 T - a scroll of summoning
Potions
 a - 3 potions of enlightenment
 d - 3 potions of might
 O - a potion of cancellation
 V - 3 potions of curing
 W - a potion of haste
 X - a potion of invisibility
 Z - a potion of lignification


   Skills:
 + Level 12.2 Fighting
 * Level 6.2(7.4) Axes
 - Level 6.0(7.2) Polearms
 + Level 11.2 Armour
 + Level 9.3 Dodging
 + Level 11.1 Shields
 - Level 8.1 Unarmed Combat
 + Level 4.6 Evocations


You had 13 spell levels left.
You didn't know any spells.
Your spell library contained the following spells:

 Spells                   Type           Power      Damage    Failure   Level
 Apportation              Tloc           0%         N/A       99%         1
 Necrotise                Necr           0%         1d4       99%         1
 Shock                    Conj/Air       0%         1d3       99%         1
 Summon Small Mammal      Summ           0%         N/A       99%         1
 Cigotuvi's Dreadful Rot  Necr/Pois/Air  0%         N/A       99%         2
 Momentum Strike          Conj/Tloc      0%         3d8       99%         2
 Poisonous Vapours        Pois/Air       0%         N/A       99%         2
 Static Discharge         Conj/Air       0%         2-2/arc   99%         2
 Hailstorm                Conj/Ice       0%         3d3       100%        3
 Ignite Poison            Fire/Tmut/Pois 0%         N/A       100%        3
 Stone Arrow              Conj/Erth      0%         3d7       100%        3
 Swiftness                Air            0%         N/A       100%        3
 Volatile Blastmotes      Fire/Tloc      0%         2d10      100%        3
 Airstrike                Air            0%         2d(0-16)  100%        4
 Anguish                  Hex/Necr       0%         N/A       100%        4
 Animate Armour           Summ/Erth      0%         N/A       100%        4
 Animate Dead             Necr           0%         N/A       100%        4
 Fulminant Prism          Conj/Hex       0%         3d5       100%        4
 Manifold Assault         Tloc           0%         N/A       100%        4
 Summon Ice Beast         Ice/Summ       0%         N/A       100%        4
 Summon Lightning Spire   Summ/Air       0%         N/A       100%        4
 Arcjolt                  Conj/Air       0%         1d10      100%        5
 Borgnjor's Vile Clutch   Necr/Erth      0%         N/A       100%        5
 Freezing Cloud           Conj/Ice/Air   0%         6-21      100%        5
 Death Channel            Necr           0%         N/A       100%        6
 Dispersal                Tloc           0%         N/A       100%        6
 Simulacrum               Ice/Necr       0%         N/A       100%        6
 Discord                  Hex            0%         N/A       100%        8
 Lehudib's Crystal Spear  Conj/Erth      0%         10d2      100%        8


Dungeon Overview and Level Annotations

Branches:
Dungeon (9/15)             Temple (0/1) D:4            Lair (5/5) D:9
  Swamp (2/4) Lair:3       Spider (0/4) Lair:2        Slime (5/5) Lair:4
 Bailey (visited)
    Orc: D:9-12

Altars:
Hepliaklqana
Trog
Vehumet
Jiyva

Shops:
D:1 [*?:?

Annotations:
Slime:5 Royal Jelly


Innate Abilities, Weirdness & Mutations

You have claws for hands.
You are partially covered in molten scales. (AC +2)
A meltable icy envelope protects you from harm. (AC +0)
You are robust. (+10% HP)
You are mostly covered in sharp spines.
A meltable shield of frost defends you. (SH +0)
You have a pair of small horns on your head.
You are strong-willed. (Will+)
Your muscles are very strong. (Str +8, Int/Dex -2)
Your body has grown eyes which may confuse attackers. (Acc +3)
Your gelatinous body deflects attacks. (AC +3, EV +3)
Your transparent skin significantly reduces your foes' accuracy. (Stealth+)
Your movements are slightly less encumbered by armour. (ER -2)


Message History

* * * LOW HITPOINT WARNING * * *
The eight-headed hydra closely misses you.
The eight-headed hydra barely misses you. x2
The eight-headed hydra misses you. x2
The will-o-the-wisp gestures.
The will-o-the-wisp conjures some foxfire!
The vampire mosquito is struck by your spines.
You destroy the vampire mosquito!
The eight-headed hydra barely misses you.
The eight-headed hydra bites you but does no damage. x6
The eight-headed hydra barely misses you. 2 foxfires come into view.
You bludgeon the eight-headed hydra!! You burn the eight-headed hydra!
The eight-headed hydra is heavily wounded.
The will-o-the-wisp blinks!
The vampire mosquito completely misses the eight-headed hydra.
The eight-headed hydra bites you but does no damage.
The eight-headed hydra bites you.
* * * LOW HITPOINT WARNING * * *
The eight-headed hydra bites you!
* * * LOW HITPOINT WARNING * * *
The eight-headed hydra bites you but does no damage.
The eight-headed hydra closely misses you.
The eight-headed hydra completely misses you.
The eight-headed hydra bites you!
* * * LOW HITPOINT WARNING * * *
The eight-headed hydra bites you but does no damage.
You bludgeon the eight-headed hydra!! You burn the eight-headed hydra.
You headbutt the eight-headed hydra, but do no damage.
The eight-headed hydra is severely wounded.
The vampire mosquito seems less confused.
The vampire mosquito is struck by your spines.
You destroy the vampire mosquito!
The eight-headed hydra bites you.
* * * LOW HITPOINT WARNING * * *
The eight-headed hydra closely misses you.
The eight-headed hydra bites you but does no damage.
The eight-headed hydra barely misses you.
The eight-headed hydra bites you!
You die...

~..~§~.~♣~....♣
....~~~~~~.§..~♣
~...~~~§~~~..~.♣
♣~..~~~~~~~.~~§♣♣
♣♣♣
♣~..~~§~~§~~....♣
...♣♣§.~..~§§~§...♣
.~~~..~~.~~~~~..§~♣
~~~~.....~§~~†/.D§♣♣
~~§~~....~~~~~.♣@..♣
§~~........~~~♣♣♣♣♣♣
♣♣.~~...♣♣♣♣♣
♣~.♣.~.♣ ♣~.♣...♣
♣.....♣♣
♣♣~~~..♣♣♣♣♣♣♣
♣~~~~.~.~~~.~♣
♣♣~~~~~~~~~~♣♣


You could see an eight-headed hydra.

Vanquished Creatures
  A thorn hunter (Swamp:1)
  The ghost of experimilk the Brawler, a journeyman TrGl of Wu Jian (Lair:3)
  A minotaur (Lair:3)
  A bunyip (Swamp:2)
  A fire dragon (Lair:5)
  10 hydras
  A ghost crab (Swamp:1)
  3 alligators
  Urug (Lair:3)
  A spectral catoblepas (Lair:3)
  A skyshark (Lair:5)
  A death drake (Swamp:1)
  A swamp dragon (Lair:5)
  3 bog bodies (Swamp:1)
  The ghost of Sekkong the Cleaver, a novice MiFi (D:7)
  Jeremiah (D:6)
  A spectral boulder beetle (Lair:3)
  3 oklob plants (Lair:4)
  3 will-o-the-wisps
  26 elephants
  15 cane toads
  A torpor snail (Lair:5)
  Joseph (D:7)
  10 black mambas
  A kobold demonologist (D:9)
  6 rime drakes
  Psyche (D:8)
  9 komodo dragons
  11 polar bears
  2 tyrant leeches
  Prince Ribbit (D:7)
  2 hornets
  4 blink frogs (Lair:2)
  12 dream sheep (Lair:5)
  4 raiju (Lair:5)
  A spectral black mamba (Lair:3)
  Sigmund (D:4)
  3 wyverns
  9 yaks
  A wraith (D:8)
  4 steam dragons
  3 basilisks
  4 vampire mosquitoes (Swamp:2)
  2 swamp worms
  4 wargs (Lair:5)
  A spectral cane toad (Lair:3)
  An acid dragon (Lair:5)
  13 hell hounds (Lair:5)
  12 water moccasins
  2 orc warriors
  5 swamp drakes
  An ice beast (D:6)
  12 black bears
  An ogre (D:5)
  A spectral rime drake (Lair:3)
  3 centaurs
  17 wolves
  3 phantoms
  A kobold brigand (D:9)
  15 bullfrogs
  10 gnoll sergeants
  A scorpion (D:5)
  4 wights (D:8)
  5 killer bees (D:9)
  3 howler monkeys
  3 hounds
  2 orc priests
  8 gnoll boudas
  2 sleepcaps (D:6)
  8 orc wizards
  13 iguanas
  22 gnolls
  6 adders
  A shadow imp (D:5)
  An ufetubus (D:5)
  A worm (D:5)
  2 dart slugs
  28 orcs
  4 endoplasms
  5 giant cockroaches
  10 goblins
  3 hobgoblins
  10 jackals
  7 kobolds
  6 quokkas
  2 ball pythons
  2 bats (D:1)
  A frilled lizard (D:2)
  2 rats
  A butterfly (Lair:4)
435 creatures vanquished.

Vanquished Creatures (others)
  A slime creature (D:7)
  An ice beast (D:7)
  2 swamp drakes (Swamp:1)
  2 bullfrogs
  20 jellies
  An orc priest (D:5)
  A hound (D:5)
  A sleepcap (D:7)
  An orc wizard (D:5)
  2 gnolls (D:8)
  An adder (D:6)
  An orc (D:5)
  2 butterflies
  24 foxfires
60 creatures vanquished.

Grand Total: 495 creatures vanquished

Notes
Turn   | Place    | Note
-------+----------+-------------------------------------------
     0 | D:1      | javelincjr the Demonspawn Fighter began the quest for the
                  | Orb.
     0 | D:1      | Reached XP level 1. HP: 18/18 MP: 1/1
   138 | D:1      | Found Sahuic's Magic Scroll Shop.
   139 | D:1      | Found Neihae's Book Shop.
   203 | D:1      | Gained mutation: You are partially covered in sharp spines.
                  | [demonic ancestry]
   203 | D:1      | Reached XP level 2. HP: 21/24 MP: 2/2
   279 | D:1      | Found Selar's Magic Scroll Emporium.
   329 | D:1      | Found Usaops's General Store.
   390 | D:1      | Found Cezop's Antique Armour Boutique.
   641 | D:2      | Gained mutation: A meltable shield of frost defends you.
                  | (SH +0) [demonic ancestry]
   641 | D:2      | Reached XP level 3. HP: 23/29 MP: 3/3
  1384 | D:3      | Gained mutation: You have sharp fingernails. [demonic
                  | ancestry]
  1384 | D:3      | Reached XP level 4. HP: 35/35 MP: 4/4
  1676 | D:3      | Found a faded altar of an unknown god.
  1788 | D:3      | Found a hazy altar of Hepliaklqana.
  1835 | D:3      | Prayed at the altar of an unknown god.
  1835 | D:3      | Became a worshipper of Jiyva Jiyjur the Shapeless
  1835 | D:3      | Reached * piety under Jiyva
  2170 | D:4      | Noticed Sigmund
  2187 | D:4      | Killed Sigmund
  2188 | D:4      | Reached skill level 4 in Fighting
  2188 | D:4      | Gained mutation: You have very sharp fingernails. [demonic
                  | ancestry]
  2188 | D:4      | Reached XP level 5. HP: 33/42 MP: 5/5
  2188 | D:4      | Gained mutation: You have claws for hands. [demonic
                  | ancestry]
  2188 | D:4      | Reached XP level 6. HP: 38/48 MP: 6/6
  2225 | D:4      | Reached ** piety under Jiyva
  2251 | D:4      | Found a staircase to the Ecumenical Temple.
  2586 | D:5      | Entered Level 5 of the Dungeon
  2688 | D:5      | Found a radiant altar of Vehumet.
  2772 | D:5      | Reached XP level 7. HP: 49/55 MP: 7/7
  3010 | D:5      | Reached *** piety under Jiyva
  3123 | D:5      | Reached skill level 5 in Fighting
  3485 | D:6      | Noticed a komodo dragon
  3509 | D:6      | Killed a komodo dragon
  3510 | D:6      | Reached skill level 5 in Armour
  3510 | D:6      | Reached skill level 5 in Shields
  3510 | D:6      | Gained mutation: A meltable icy envelope protects you from
                  | harm. (AC +0) [demonic ancestry]
  3510 | D:6      | Reached XP level 8. HP: 33/63 MP: 8/8
  3656 | D:6      | Noticed Jeremiah
  3750 | D:6      | Gained mutation: Your flesh is cold resistant. (rC+)
                  | [Jiyva's grace]
  3750 | D:6      | Gained mutation: Your flesh is very cold resistant. (rC++)
                  | [Jiyva's grace]
  3750 | D:6      | Gained mutation: Your flesh is almost immune to the effects
                  | of cold. (rC+++) [Jiyva's grace]
  3750 | D:6      | Gained mutation: Your muscles are strong. (Str +4, Int/Dex
                  | -1) [Jiyva's grace]
  3864 | D:6      | Reached skill level 5 in Polearms
  3906 | D:6      | Killed Jeremiah
  3907 | D:6      | Reached skill level 6 in Fighting
  4274 | D:7      | Noticed Sekkong's ghost (novice MiFi)
  4276 | D:7      | Noticed a slime creature
  4279 | D:7      | Found a transporter.
  4290 | D:7      | Killed a slime creature
  4335 | D:7      | Gained mutation: A meltable icy envelope protects you from
                  | harm. (AC +0) [demonic ancestry]
  4335 | D:7      | Reached XP level 9. HP: 71/71 MP: 9/9
  4339 | D:7      | Reached **** piety under Jiyva
  4402 | D:7      | Found a transporter.
  4499 | D:7      | Reached skill level 1 in Dodging
  4499 | D:7      | Reached skill level 1 in Unarmed Combat
  4499 | D:7      | Noticed Prince Ribbit
  4502 | D:7      | Found a flagged portal.
  4515 | D:7      | Killed Prince Ribbit
  4542 | Bailey   | Entered a bailey
  4548 | Bailey   | Reached skill level 7 in Fighting
  4628 | Bailey   | Lost mutation: Your flesh is almost immune to the effects
                  | of cold. (rC+++) [potion of mutation]
  4628 | Bailey   | Lost mutation: Your flesh is very cold resistant. (rC++)
                  | [potion of mutation]
  4628 | Bailey   | Gained mutation: You are frail. (-10% HP) [potion of
                  | mutation]
  4628 | Bailey   | Gained mutation: You are strong-willed. (Will+) [potion of
                  | mutation]
  4859 | Bailey   | Identified the +3 leather armour "Poad" {Str-5 Int+4}
  5059 | D:7      | Noticed Joseph
  5074 | D:7      | Killed Joseph
  5075 | D:7      | Reached XP level 10. HP: 69/72 MP: 10/10
  5397 | D:7      | Killed Sekkong's ghost
  5554 | D:8      | Reached skill level 8 in Fighting
  5703 | D:8      | Reached ***** piety under Jiyva
  5750 | D:8      | Lost mutation: You are frail. (-10% HP) [Jiyva's grace]
  5750 | D:8      | Gained mutation: You have a pair of small horns on your
                  | head. [Jiyva's grace]
  5750 | D:8      | Gained mutation: You have a pair of horns on your head.
                  | [Jiyva's grace]
  5750 | D:8      | Gained mutation: You have a pair of large horns on your
                  | head. [Jiyva's grace]
  5750 | D:8      | Gained mutation: You are agile. (Dex +4, Str/Int -1)
                  | [Jiyva's grace]
  5819 | D:8      | Noticed Psyche
  5859 | D:8      | Killed Psyche
  5913 | D:8      | You fall into a shaft and drop 1 floor!
  5962 | D:9      | Found a staircase to the Lair.
  6829 | Lair:1   | Entered Level 1 of the Lair of Beasts
  7007 | Lair:1   | Gained mutation: You are partially covered in molten
                  | scales. (AC +2) [demonic ancestry]
  7007 | Lair:1   | Reached XP level 11. HP: 87/87 MP: 11/11
  7054 | Lair:1   | Reached skill level 5 in Dodging
  7054 | Lair:1   | Reached skill level 5 in Unarmed Combat
  7410 | Lair:1   | Lost mutation: You have a pair of large horns on your head.
                  | [Jiyva's grace]
  7410 | Lair:1   | Lost mutation: You are agile. (Dex +4, Str/Int -1) [Jiyva's
                  | grace]
  7410 | Lair:1   | Lost mutation: Your flesh is cold resistant. (rC+) [Jiyva's
                  | grace]
  7410 | Lair:1   | Lost mutation: You are strong-willed. (Will+) [Jiyva's
                  | grace]
  7410 | Lair:1   | Lost mutation: Your muscles are strong. (Str +4, Int/Dex
                  | -1) [Jiyva's grace]
  7410 | Lair:1   | Gained mutation: Your movements are slightly less
                  | encumbered by armour. (ER -2) [Jiyva's grace]
  7410 | Lair:1   | Gained mutation: Your movements are less encumbered by
                  | armour. (ER -4) [Jiyva's grace]
  7410 | Lair:1   | Gained mutation: Your movements are significantly less
                  | encumbered by armour. (ER -6) [Jiyva's grace]
  7410 | Lair:1   | Gained mutation: Your flesh is heat resistant. (rF+)
                  | [Jiyva's grace]
  7527 | Lair:1   | Reached skill level 9 in Fighting
  7953 | Lair:2   | Reached ****** piety under Jiyva
  8330 | Lair:2   | Gained mutation: You are mostly covered in sharp spines.
                  | [demonic ancestry]
  8330 | Lair:2   | Reached XP level 12. HP: 97/97 MP: 12/12
  8344 | Lair:2   | Reached skill level 10 in Fighting
  8454 | Lair:2   | Noticed a six-headed hydra
  8466 | Lair:2   | Killed a 14-headed hydra
  8541 | Lair:2   | Found a hole to the Spider Nest.
  8707 | Lair:2   | Noticed a four-headed hydra
  8716 | Lair:2   | Killed a five-headed hydra
  8861 | Lair:2   | Found a bloodstained altar of Trog.
  8963 | Lair:3   | Lost mutation: Your flesh is heat resistant. (rF+) [Jiyva's
                  | grace]
  8963 | Lair:3   | Lost mutation: Your movements are significantly less
                  | encumbered by armour. (ER -6) [Jiyva's grace]
  8963 | Lair:3   | Gained mutation: Your translucent skin slightly reduces
                  | your foes' accuracy. (Stealth+) [Jiyva's grace]
  8963 | Lair:3   | Gained mutation: Your translucent skin reduces your foes'
                  | accuracy. (Stealth+) [Jiyva's grace]
  8963 | Lair:3   | Gained mutation: Your transparent skin significantly
                  | reduces your foes' accuracy. (Stealth+) [Jiyva's grace]
  8963 | Lair:3   | Gained mutation: You expend magic power (3 MP) to
                  | strengthen your wands. [Jiyva's grace]
  8982 | Lair:3   | Found a staircase to the Swamp.
  8982 | Lair:3   | Noticed a seven-headed hydra
  8998 | Lair:3   | Killed a seven-headed hydra
  9036 | Lair:3   | Noticed Urug
  9066 | Lair:3   | Killed Urug
  9217 | Lair:3   | Found a runed translucent gate.
  9217 | Lair:3   | Found a runed translucent gate.
  9218 | Lair:3   | Found a runed translucent gate.
  9219 | Lair:3   | Noticed experimilk's ghost (journeyman TrGl)
  9229 | Lair:3   | Killed experimilk's ghost
  9242 | Lair:3   | Reached skill level 10 in Shields
  9246 | Lair:3   | Identified the +0 ring mail of Spite {Rampage Will- MP+9
                  | Slay+3}
  9250 | Lair:3   | Identified the +0 scale mail of Anaesthesia {rPois}
  9468 | Lair:3   | Reached XP level 13. HP: 90/105 MP: 13/13
  9529 | Lair:3   | Reached skill level 10 in Armour
  9536 | Lair:3   | Reached skill level 11 in Fighting
  9677 | Lair:3   | Found a runed translucent door.
  9783 | Lair:3   | Noticed a minotaur
  9788 | Lair:3   | Killed a minotaur
 10315 | Lair:4   | Found a viscous altar of Jiyva.
 10316 | Lair:4   | Found a staircase to the Slime Pits.
 10346 | Slime:1  | Entered Level 1 of the Pits of Slime
 10359 | Slime:1  | Noticed an azure jelly
 10376 | Slime:1  | Noticed a formless jellyfish
 10377 | Slime:1  | Noticed a formless jellyfish
 10379 | Slime:1  | Noticed a formless jellyfish
 10412 | Slime:1  | Noticed a formless jellyfish
 10413 | Slime:1  | Noticed a formless jellyfish
 10414 | Slime:1  | Noticed a rockslime
 10420 | Slime:2  | Noticed an acid blob
 10425 | Slime:2  | Noticed a quicksilver ooze
 10434 | Slime:3  | Noticed an acid blob
 10439 | Slime:3  | Noticed an azure jelly
 10455 | Slime:3  | Noticed a quicksilver ooze
 10456 | Slime:3  | Noticed a quicksilver ooze
 10459 | Slime:3  | Noticed a formless jellyfish
 10461 | Slime:3  | Noticed a formless jellyfish
 10463 | Slime:3  | Noticed a formless jellyfish
 10466 | Slime:3  | Noticed an acid blob
 10470 | Slime:4  | Noticed a quicksilver ooze
 10470 | Slime:4  | Noticed an acid blob
 10475 | Slime:5  | Entered Level 5 of the Pits of Slime
 10475 | Slime:5  | Noticed an acid blob
 10497 | Slime:5  | Found a viscous altar of Jiyva.
 10502 | Slime:5  | Noticed a quicksilver ooze
 10504 | Slime:5  | Noticed an azure jelly
 10508 | Slime:5  | Identified the +12 war axe "Siduefridd" {heavy, rPois}
 10510 | Slime:5  | Got the Atlas of Shifting Exhalation
 10513 | Slime:5  | Identified the +8 flail "Becois" {flame, Will- Dex+4}
 10519 | Slime:5  | Got a slimy rune of Zot
 10523 | Slime:5  | Noticed an acid blob
 10524 | Slime:5  | Noticed an acid blob
 10528 | Slime:5  | Noticed an acid blob
 10534 | Slime:5  | Noticed an acid blob
 10534 | Slime:5  | Noticed an acid blob
 10535 | Slime:5  | Noticed an acid blob
 10541 | Slime:5  | Got Temmol's Grimoire of the Map
 10544 | Slime:5  | Got the Compilation of Curses
 10545 | Slime:5  | Noticed the Royal Jelly
 10563 | Slime:5  | Identified the ring of Hodoax {Wiz Str+2}
 10564 | Slime:5  | Identified the +1 rapier of Ragnarok {holy, Str+6 Dex-5}
 10578 | Slime:5  | Noticed an acid blob
 10584 | Slime:5  | Noticed a quicksilver ooze
 10630 | Slime:5  | Noticed a quicksilver ooze
 10645 | Slime:5  | Noticed an acid blob
 10657 | Slime:5  | Noticed a quicksilver ooze
 10677 | Slime:5  | Noticed a rockslime
 10758 | Slime:5  | Noticed a rockslime
 10758 | Slime:5  | Noticed an azure jelly
 10968 | Slime:3  | Noticed a quicksilver ooze
 10969 | Slime:3  | Noticed an acid blob
 11021 | Slime:1  | Noticed a rockslime
 11034 | Slime:1  | Noticed an acid blob
 11068 | Lair:4   | Lost mutation: You have a pair of horns on your head.
                  | [Jiyva's grace]
 11068 | Lair:4   | Lost mutation: You expend magic power (3 MP) to strengthen
                  | your wands. [Jiyva's grace]
 11068 | Lair:4   | Gained mutation: Your muscles are strong. (Str +4, Int/Dex
                  | -1) [Jiyva's grace]
 11068 | Lair:4   | Gained mutation: Your muscles are very strong. (Str +8,
                  | Int/Dex -2) [Jiyva's grace]
 11068 | Lair:4   | Gained mutation: Your body has grown eyes which may confuse
                  | attackers. (Acc +3) [Jiyva's grace]
 11068 | Lair:4   | Gained mutation: Your body has grown many eyes which may
                  | confuse attackers. (Acc +5) [Jiyva's grace]
 11310 | Lair:4   | Reached skill level 1 in Axes
 11599 | Lair:5   | Entered Level 5 of the Lair of Beasts
 11613 | Lair:5   | Reached skill level 1 in Evocations
 11965 | Lair:5   | Gained mutation: You are robust. (+10% HP) [demonic
                  | ancestry]
 11965 | Lair:5   | Reached XP level 14. HP: 79/125 MP: 14/14
 12303 | Lair:5   | Reached skill level 5 in Axes
 12652 | Swamp:1  | Entered Level 1 of the Swamp
 12652 | Swamp:1  | Noticed a thorn hunter
 12682 | Swamp:1  | Killed a thorn hunter
 12766 | Swamp:1  | Reached skill level 12 in Fighting
 13284 | Swamp:2  | Lost mutation: Your body has grown many eyes which may
                  | confuse attackers. (Acc +5) [Jiyva's grace]
 13284 | Swamp:2  | Lost mutation: Your movements are less encumbered by
                  | armour. (ER -4) [Jiyva's grace]
 13284 | Swamp:2  | Gained mutation: Your rubbery body absorbs attacks. (AC +1,
                  | EV +1) [Jiyva's grace]
 13284 | Swamp:2  | Gained mutation: Your pliable body absorbs attacks. (AC +2,
                  | EV +2) [Jiyva's grace]
 13284 | Swamp:2  | Gained mutation: Your gelatinous body deflects attacks. (AC
                  | +3, EV +3) [Jiyva's grace]
 13284 | Swamp:2  | Gained mutation: You are strong-willed. (Will+) [Jiyva's
                  | grace]
 13391 | Swamp:2  | HP: 5/126 [eight-headed hydra (9)]
 13392 | Swamp:2  | Slain by an eight-headed hydra

Illustrated notes

Levels and vault maps discovered:
D:1:      dpeg_arrival_prison, layout_rooms, serial_shops,
          nicolae_shop_statue_plus, nicolae_shop_advertising_works
          [nicolae_subvault_shop_adworks], nicolae_shop_stone, shop,
          nicolae_shop_gibbet_a_chance, due_unseen_surprise
D:2:      layout_basic, serial_aquarium, aquarium_bridge_long_joined
          [aquarium_subvault_bridge, aquarium_subvault_window,
          aquarium_subvault_window, aquarium_subvault_window,
          aquarium_subvault_window, aquarium_subvault_wall],
          aquarium_window_fake, aquarium_window_2, aquarium_view_2b,
          aquarium_view_2f
D:3:      layout_loops_cross, nzn_hepliaklqana_mist_gate,
          shapermc_ecumenical_altar_gd, minmay_misc_feat_four_crosses
D:4:      layout_cave_pools, minmay_temple_entry_junction_2, uniq_sigmund
D:5:      layout_loops_corners, vehumet_crystals, amcnicky_altar_gilded
D:6:      layout_loops_ring, uniq_jeremiah
D:7:      layout_loops_ring, enter_bailey_5, gammafunk_ghost_arena,
          serial_park_tiny_pond, small_statue_intersection, uniq_joseph,
          uniq_prince_ribbit1
D:8:      layout_gridville, nicolae_uskayaw_murder_on_the_dancefloor,
          nicolae_overflow_hidden_temple, uniq_psyche
D:9:      layout_basic, lair_entry_dummy, kennysheep_donut,
          nicolae_elevator_lobby_asterisk
Lair:1:   layout_hall_layers, columned_hall_lemuel,
          chequers_serial_rivers_micro_b, grunt_megastairs_3
Lair:2:   layout_long_grid, spider_nest_entry_web_field, basic_altar,
          minmay_shattered_shrine
Lair:3:   dreamdust_labyrinth, layout_gridlike, minmay_swamp_entry_reptiles,
          gammafunk_ghost_necromancy, minivault_26, serial_bayou_shore_a,
          lemuel_fruit_fields, uniq_urug
Lair:4:   layout_regular_city, minmay_slime_entry_oklob_open,
          infiniplex_staircase_pool_2, grunt_megastairs_5, lemuel_fruit_fields
Lair:5:   guppyfry_lair_end_dragon, layout_gridlike,
          hangedman_lair_caniforms_friends, st_stairs_4
Swamp:1:  layout_basic_swamp, nicolae_swamp_trees_clearing,
          nicolae_swamp_drake_lake
Swamp:2:  nicolae_swamp_ascending_descending_big, layout_basic_swamp,
          evilmike_swamp_ruin_house_5, swamp_pool5
Slime:1:  layout_caves, nicolae_slime_phagocytosis
Slime:2:  layout_caves, uniq_dissolution
Slime:3:  layout_caves
Slime:4:  layout_caves
Slime:5:  slime_pit_nicolae_trefoil

Skill      XL: |  1  2  3  4  5  6  7  8  9 10 11 12 13 14 |
---------------+-------------------------------------------+-----
Polearms       | 2 3 4 5 6 |  6.0
Shields        | 3 4 5 6 7 9 10 11 | 11.1
Armour         | 3 4 5 6 7 8 9 10 11 | 11.2
Fighting       | 4 5 6 7 8 9 10 11 12 | 12.2
Dodging        | 3 4 6 7 8 9 |  9.3
Unarmed Combat | 3 4 6 7 8 |  8.1
Axes           | 4 6 |  6.2
Evocations     | 3 4 |  4.6

Action                     |  1- 3 |  4- 6 |  7- 9 | 10-12 | 13-15 || total
---------------------------+-------+-------+-------+-------+-------++-------
  Melee: Trident           |    44 |       |       |       |       ||    44
         Short sword       |    42 |    81 |   126 |       |       ||   249
         Punch             |       |     2 |     6 |     5 |    17 ||    30
         Unarmed           |       |       |    83 |    19 |       ||   102
         Glaive            |       |       |    73 |   332 |       ||   405
         Headbutt          |       |       |       |    77 |    76 ||   153
         Spear             |       |       |       |    47 |       ||    47
         Demon trident     |       |       |       |    39 |    49 ||    88
         War axe           |       |       |       |       |   215 ||   215
         Flail             |       |       |       |       |    41 ||    41
  Throw: Stone             |     3 |       |       |       |       ||     3
 Invoke: Oozemancy         |       |       |     1 |     2 |     2 ||     5
         Slimify           |       |       |       |       |     1 ||     1
  Evoke: Wand              |       |       |       |       |     4 ||     4
    Use: Potion            |       |       |     8 |     1 |     3 ||    12
         Scroll            |       |       |       |    13 |     5 ||    18
   Stab: Confused          |       |       |       |       |     9 ||     9
 Armour: Scale mail        |    26 |    35 |   166 |    30 |       ||   257
         Skin              |       |       |     7 |     2 |       ||     9
         Steam dragon scal |       |       |       |    41 |       ||    41
         Plate armour      |       |       |       |   343 |    54 ||   397
         Crystal plate arm |       |       |       |       |   319 ||   319
  Dodge: Dodged            |    36 |    36 |   178 |   362 |   407 ||  1019
  Block: Buckler           |    20 |       |       |       |       ||    20
         Other             |       |    15 |    52 |   114 |   108 ||   289
         Reflection        |       |       |       |       |     1 ||     1

Table legend: (Time is in decaauts)
 A = Elapsed time spent in this place.
 B = Non-inter-level travel time spent in this place.
 C = Inter-level travel time spent in this place.
 D = Time resting spent in this place.
 E = Time spent auto-exploring this place.
 F = Levels seen in this place.
 G = Mean time per level.
                   A        B        C        D        E       F      G
               +--------+--------+--------+--------+--------+-----+--------+
         Total |  13909 |  13231 |    678 |    127 |   9573 |  22 |  632.2 |
       Dungeon |   6386 |   6054 |    332 |     46 |   4718 |   9 |  709.6 |
          Lair |   5447 |   5245 |    202 |     28 |   3663 |   5 | 1089.4 |
         Swamp |    877 |    836 |     41 |     38 |    556 |   2 |  438.5 |
    Slime Pits |    691 |    590 |    101 |      0 |    420 |   5 |  138.2 |
        Bailey |    506 |    506 |      0 |     15 |    215 |   1 |  506.0 |
               +--------+--------+--------+--------+--------+-----+--------+

Top non-repeatable levels by time:
  Lair:3: 1256 daAuts
  Lair:5: 1178 daAuts
  Lair:1: 1150 daAuts
  Lair:2: 1031 daAuts
     D:9: 938 daAuts
     D:5: 869 daAuts
  Lair:4: 831 daAuts
     D:2: 820 daAuts
     D:6: 791 daAuts
     D:3: 766 daAuts
 Swamp:1: 739 daAuts
     D:7: 690 daAuts
     D:1: 536 daAuts
  Bailey: 506 daAuts
     D:8: 500 daAuts
